Minoru, lawful male human Samurai ----- --------------------------------- |.<..##############|...............................| |...| #|.------------.....------------.| |...| #|.|...|...| |.....|..|(((|...|.- ----- #|.|...|...| |......%.|(((|...|.| # #|.|...|...| |.....|..|...|...|.| # #|.|... ...-+--.....-----|---|--.| # #|.--|---|--.....................| # #|.............{......{..........| # #|.--|--|---....-|----...........| # ##-.| .. |---.|. |.----|----.| -|----- ##|.| (| |..|.|. |.|..|....|.| |...>.-###########|.| (| |....|. |....|....|.| |.....| #|.| | |.%|.|. |.|..|....|.| |...... `#|.------------.------.---------.| ------- #|................)..............| #--------------------------------- Minoru the Ninja Experience level: 6 Strength: 11 Dexterity: 17 Constitution: 18 Intelligence: 11 Wisdom: 10 Charisma: 6 Health: 0(69) Energy: 28(28) Def: 7 Gold: 828 Moves: 2074 Dungeon seed: WiFH82v-76vRURX1 Game ID: Minoru_1442685098 Your Inventory: Coins $ - 828 gold pieces Weapons a - an uncursed +0 katana (weapon in hand) b - an uncursed +0 wakizashi c - an uncursed +0 yumi (alternate weapon; not wielded) d - an uncursed +0 ya h - a cursed -2 shito named cursed? q - an uncursed +1 arrow s - 9 uncursed +0 shuriken u - 16 uncursed +0 arrows w - 2 cursed -1 arrows P - 9 blessed +0 arrows (in quiver) Armor e - a blessed rustproof +0 splint mail (being worn) n - an uncursed +0 orcish helm named non-cursed (being worn) r - an uncursed +0 dwarvish cloak y - an uncursed +0 pair of iron shoes Scrolls k - an uncursed scroll of light m - a cursed scroll of enchant weapon o - a cursed scroll of enchant armor v - an uncursed scroll of identify C - 4 uncursed scrolls of blank paper Potions A - a cursed potion of paralysis O - an uncursed potion of object detection Rings g - an uncursed ring of conflict named non-cursed Wands B - a cursed wand of undead turning (0:5) S - an uncursed wand of striking (0:2) Tools f - an uncursed blindfold E - a cursed sack G - a cursed tin whistle Gems z - an uncursed turquoise stone N - an uncursed worthless piece of black glass Contents of the sack: 29 cursed +0 ya named cursed an uncursed +3 orcish helm an uncursed +0 orcish helm an uncursed +0 orcish helm an uncursed +0 orcish helm 2 uncursed cream pies an uncursed bag of tricks named cursed (0:13) a blessed tallow candle (0:200) 9 uncursed tallow candles (0:200) 2 cursed tallow candles (0:200) an uncursed wax candle (0:400) 6 cursed wax candles (0:400) an uncursed amethyst stone an uncursed fluorite stone an uncursed opal 2 uncursed worthless pieces of green glass 2 cursed worthless pieces of green glass Spells and supernatural/magical abilities: Name Level Category Fail Memory W - pray for help -- divine ? -- Your skills at the end: Fighting Skills martial arts [Basic] Weapon Skills short sword [Basic] long sword [Skilled] bow [Basic] Spellcasting Skills Final Attributes: You were piously aligned. You were poison resistant. You were fast. You are dead. Vanquished creatures: a wolf a gnome king a jaguar a pony 3 gnome lords 3 gnomish wizards a straw golem 2 little dogs a dwarf 5 hill orcs a rothe 2 rabid rats a centipede a monkey 3 killer bees a large kobold a red mold 23 gnomes 10 garter snakes a jackal a fox a kobold 3 goblins 6 grid bugs 2 bats a lichen a kobold zombie 2 newts 80 creatures vanquished. Voluntary challenges: You were an atheist. You used a wielded weapon 80 times, starting on turn 2. You read items or engraved 4 times, starting on turn 1268. You never genocided any monsters. You never polymorphed an object. You never changed form. You used no wishes. You never split a pudding. You never wrote Elbereth's name. You violated your moral code, losing 1 point of alignment, starting on turn 1668. Dungeon overview: The Dungeons of Doom: levels 1 to 4 Level 1 a long staircase Level 2 Level 3 a potion shop stairs to The Gnomish Mines Level 4 The Gnomish Mines: levels 4 to 7 Level 4 stairs to The Dungeons of Doom Level 5 Level 6 some shops, some fountains Level 7 <- You were here History has recorded: On T:1 you entered the Dungeons of Doom to retrieve the Amulet of Yendor! On T:48 you reached level 2 of The Dungeons of Doom. On T:269 you advanced to experience level 2. On T:361 you reached level 3 of The Dungeons of Doom. On T:468 you reached level 4 of The Dungeons of Doom. On T:491 you reached level 1 of The Gnomish Mines. On T:606 you advanced to experience level 3. On T:698 you advanced to experience level 4. On T:865 you advanced to experience level 5. On T:960 you reached level 2 of The Gnomish Mines. On T:1087 you reached level 3 of The Gnomish Mines. On T:1250 you advanced to experience level 6. On T:1328 you reached level 4 of The Gnomish Mines. Score breakdown: Gold: 828 ( 9927 points) Experience: 6 levels (12456 points) Exploration: 7 levels ( 15.22%) (10954 points) Discoveries: 4 items ( 1.63%) ( 3825 points) Valuables value: (no points given unless you survive) Artifact value: 0 ( 0 points) Variety of kills: 28 monsters ( 7.35%) ( 8132 points) Turncount: 2074 turns ( -54 points) Survival: died (score multiplied by 80%) Total score: 36192 Latest messages: The watchman gets angry! The jaguar hits! (2x) The jaguar misses. You put a candle into the bag. You put 2 candles into the bag. You put a candle into the bag. You put 2 green gems into the bag. You put a violet gem into the bag. You put 2 green gems into the bag. You put a white gem into the bag. You put a violet gem into the bag. You fall down the stairs. You die... Final status: Sayonara Minoru the Samurai, killed by falling downstairs... You died in The Gnomish Mines on dungeon level 7 with 36192 points, and 828 pieces of gold, after 2074 moves. You were level 6 with a maximum of 69 hit points when you died.